 Dungeon Crawl Stone Soup version 0.27-a0-1202-ge72e49191c (webtiles) character file.

Game seed: 10334500247508034666

686 hatdisgam the Chiller (level 7, -1/51 HPs)
             Began as a Gnoll Wanderer on June 2, 2021.
             Was an Initiate of Cheibriados.
             Slain by a scorpion (9 damage)
             ... on level 4 of the Dungeon.
             The game lasted 00:13:48 (7259 turns).

hatdisgam the Chiller (Gnoll Wanderer)              Turns: 7259, Time: 00:13:49

Health: -1/51      AC:  2    Str: 11    XL:     7   Next: 62%
Magic:  12/12      EV: 12    Int: 18    God:    Cheibriados [......]
Gold:   32         SH:  4    Dex: 10    Spells: 5/13 levels left

rFire    . . .     SeeInvis .   e - +0 short sword
rCold    . . .     Faith    .   v - +0 buckler of Disaster {+Blink rN+}
rNeg     + . .     Spirit   .   d - +0 robe
rPois    .         Reflect  .   (no helmet)
rElec    .         Harm     .   g - scarf {shadows}
rCorr    .         Rampage  .   (no gloves)
Will     .....                  (no boots)
Stlth    ++........             (no amulet)
HPRegen  0.17/turn              (no ring)
MPRegen  0.13/turn              (no ring)

@: very slow
A: fangs 1, strong nose, distributed training
a: Renounce Religion, Evoke Blink, Bend Time


You were on level 4 of the Dungeon.
You worshipped Cheibriados.
Cheibriados was noncommittal.
You visited 1 branch of the dungeon, and saw 5 of its levels.
You also visited: Sewer.

You collected 241 gold pieces.
You spent 209 gold pieces at shops.

Inventory:

Hand Weapons
 a - a +0 club
 e - a +0 short sword (weapon)
Missiles
 f - 126 stones (quivered)
Armour
 d - a +0 robe (worn)
 g - a scarf of shadows (worn)
 v - the +0 buckler of Disaster (worn) {+Blink rN+}
   (You bought it in a shop on level 4 of the Dungeon)

   It protects you from negative energy.
   It lets you blink.
Jewellery
 j - a +4 ring of evasion
Wands
 r - a wand of digging (7)
Scrolls
 b - a scroll of identify {unknown}
 h - a scroll of brand weapon {unknown}
 i - a scroll of blinking {unknown}
 k - a scroll of vulnerability {unknown}
 m - 2 scrolls of teleportation {unknown}
 o - a scroll of fear {unknown}
 t - 2 scrolls of noise {unknown}
 u - a scroll of enchant weapon {unknown}
Potions
 c - a potion of lignification
 l - a potion of might {unknown}
 n - a potion of cancellation {unknown}
 p - 2 potions of heal wounds {unknown}
 q - a potion of curing
 s - a potion of degeneration {unknown}
 w - a potion of flight {unknown}


   Skills:
 + Level 2.6 Fighting
 + Level 2.6 Short Blades
 + Level 2.6 Long Blades
 + Level 2.6 Axes
 + Level 2.6 Maces & Flails
 + Level 2.6 Polearms
 + Level 2.6 Staves
 + Level 2.6 Slings
 + Level 2.6 Bows
 + Level 2.6 Crossbows
 + Level 2.6 Throwing
 + Level 2.6 Armour
 + Level 2.6 Dodging
 + Level 2.6 Stealth
 + Level 3.7 Shields
 + Level 2.6 Unarmed Combat
 + Level 3.9 Spellcasting
 + Level 2.1 Conjurations
 + Level 2.1 Hexes
 + Level 4.4 Summonings
 + Level 2.1 Necromancy
 + Level 2.1 Translocations
 + Level 3.0 Transmutations
 + Level 2.1 Fire Magic
 + Level 7.4 Ice Magic
 + Level 2.1 Air Magic
 + Level 2.1 Earth Magic
 + Level 2.1 Poison Magic
 + Level 2.9 Invocations
 + Level 3.7 Evocations


You had 5 spell levels left.
You knew the following spells:

 Your Spells              Type           Power      Damage    Failure   Level
a - Freeze                Ice            100%       1d11      1%          1
b - Sandblast             Erth           22%        2d7       6%          1
c - Frozen Ramparts       Ice            60%        1d8       2%          3
d - Stone Arrow           Conj/Erth      22%        3d8       19%         3

Your spell library contained the following spells:

 Spells                   Type           Power      Damage    Failure   Level
 Summon Small Mammal      Summ           76%        N/A       2%          1
 Animate Skeleton         Necr           22%        N/A       6%          1
 Apportation              Tloc           22%        N/A       6%          1
 Corona                   Hex            12%        N/A       6%          1
 Passwall                 Tmut/Erth      10%        N/A       8%          2
 Petrify                  Tmut/Erth      12%        N/A       45%         4
 Lee's Rapid Deconstruct  Erth           5%         3d7*      87%         5


Dungeon Overview and Level Annotations

Branches:
Dungeon (5/15)              Sewer (visited)
 Temple: D:4-7

Altars:
Cheibriados
Nemelex Xobeh
Uskayaw
Wu Jian

Shops:
D:4 [   D:5 !


Innate Abilities, Weirdness & Mutations

You have very sharp teeth.
Your uncanny sense of smell can sniff out nearby items.
Your experience applies equally to all skills.


Message History

You block the hound's attack.
You closely miss the hound. The hound closely misses you.
Casting: Frozen Ramparts (dangerous; 2% risk of failure)
Confirm with . or Enter, or press ? or * to list all spells.
Aiming: Freeze (safe; 1% risk of failure)
Press: ? - help, Shift-Dir - straight line, f - hound
Aim: a hound You freeze the hound.
The hound is moderately wounded.
The hound bites you.
A lemure comes into view.
The hound bites you.
Unknown command.
Casting: Freeze (safe; 1% risk of failure)
Confirm with . or Enter, or press ? or * to list all spells.
Aiming: Freeze (safe; 1% risk of failure)
Press: ? - help, Shift-Dir - straight line, f - scorpion, p - hound
Aim: a scorpion
Okay, then.
The scorpion stings you.
You are poisoned.
The scorpion poisons you! The hound bites you.
You feel very sick. The hound bites you.
You feel sick. The scorpion barely misses you. The hound bites you.
You feel sick. The scorpion barely misses you. The hound bites you.
You feel sick. You block the scorpion's attack. You block the hound's attack.
There is a stone staircase leading up here.
You feel sick. The hound bites you.
* * * LOW HITPOINT WARNING * * *
You block the scorpion's attack.
You climb upwards.
You feel sick.
You are no longer poisoned.
There is a stone staircase leading down here.
Unknown command.
You block the scorpion's attack. The hound bites you.
* * * LOW HITPOINT WARNING * * *
The scorpion closely misses you. The hound barely misses you.
The scorpion stings you!
You die...

#....#....##................
####.#....##................
#.#....'.................
#.#..[.##.....##.........
#.#....#########.........
#.#....###### #......##.
#.##+#......# #...######
####.#.........####...######
#....#...>h@...[..........).
#.####....s....###########..
#....#........## #..
###...........# #..
#...........# #..
#...........# ###
###.........#####
#.............#
#.............##


You could see a scorpion and a hound.

Vanquished Creatures
  A black bear (D:4)
  2 bullfrogs (Sewer)
  A howler monkey (D:4)
  A hound (D:4)
  Ijyb (D:4)
  An iguana (D:4)
  A howler monkey zombie (D:5)
  3 gnolls (D:3)
  11 adders
  8 worms
  6 dart slugs
  8 orcs (D:4)
  17 endoplasms
  19 giant cockroaches
  7 goblins
  7 hobgoblins
  9 jackals (D:3)
  9 quokkas
  19 ball pythons
  5 bats
  10 frilled lizards
  2 jackal skeletons (D:4)
  8 kobolds
  9 rats
165 creatures vanquished.

Vanquished Creatures (others)
  5 plants
5 creatures vanquished.

Grand Total: 170 creatures vanquished

Notes
Turn   | Place    | Note
-------+----------+-------------------------------------------
     0 | D:1      | hatdisgam the Gnoll Wanderer began the quest for the Orb.
     0 | D:1      | hatdisgam set off with the following items: a +0 club, a
                  | potion of lignification, a +0 robe; and the following
                  | spells available to memorise: Freeze, Frozen Ramparts,
                  | Sandblast, Passwall, Stone Arrow, Petrify, Lee's Rapid
                  | Deconstruction
     0 | D:1      | Reached XP level 1. HP: 13/13 MP: 4/4
     2 | D:1      | Learned a level 1 spell: Freeze
     4 | D:1      | Learned a level 1 spell: Sandblast
   239 | D:1      | Reached XP level 2. HP: 11/19 MP: 2/5
   932 | D:1      | Reached XP level 3. HP: 23/25 MP: 7/7
   938 | D:1      | Learned a level 3 spell: Frozen Ramparts
  1227 | D:1      | Reached skill level 1 in Invocations
  1771 | D:2      | Reached skill level 1 in Fighting
  1771 | D:2      | Reached skill level 1 in Short Blades
  1771 | D:2      | Reached skill level 1 in Long Blades
  1771 | D:2      | Reached skill level 1 in Axes
  1771 | D:2      | Reached skill level 1 in Maces & Flails
  1771 | D:2      | Reached skill level 1 in Polearms
  1771 | D:2      | Reached skill level 1 in Staves
  1771 | D:2      | Reached skill level 1 in Slings
  1771 | D:2      | Reached skill level 1 in Bows
  1771 | D:2      | Reached skill level 1 in Crossbows
  1771 | D:2      | Reached skill level 1 in Throwing
  1771 | D:2      | Reached skill level 1 in Armour
  1771 | D:2      | Reached skill level 1 in Dodging
  1771 | D:2      | Reached skill level 1 in Stealth
  1771 | D:2      | Reached skill level 1 in Unarmed Combat
  2007 | D:2      | Reached XP level 4. HP: 32/32 MP: 8/8
  2749 | D:3      | Found a faded altar of an unknown god.
  2833 | D:3      | Reached skill level 1 in Conjurations
  2833 | D:3      | Reached skill level 1 in Hexes
  2833 | D:3      | Reached skill level 1 in Necromancy
  2833 | D:3      | Reached skill level 1 in Translocations
  2833 | D:3      | Reached skill level 1 in Fire Magic
  2833 | D:3      | Reached skill level 1 in Air Magic
  2833 | D:3      | Reached skill level 1 in Earth Magic
  2833 | D:3      | Reached skill level 1 in Poison Magic
  3481 | D:3      | Found an ornate altar of the Wu Jian Council.
  3627 | D:3      | Reached XP level 5. HP: 37/37 MP: 4/9
  4057 | D:4      | Found a glowing drain.
  4139 | Sewer    | Entered a sewer
  4817 | Sewer    | Reached XP level 6. HP: 36/44 MP: 7/10
  5705 | D:4      | Reached XP level 7. HP: 34/50 MP: 5/12
  5928 | D:4      | Found Oxexezaf's Antique Armour Emporium.
  6056 | D:4      | Learned a level 3 spell: Stone Arrow
  6057 | D:4      | Noticed Ijyb
  6062 | D:4      | Killed Ijyb
  6440 | D:4      | Found a hide-covered altar of Uskayaw.
  6440 | D:4      | Found a snail-covered altar of Cheibriados.
  6441 | D:4      | Found a sparkling altar of Nemelex Xobeh.
  6564 | D:4      | Became a worshipper of Cheibriados the Contemplative
  6620 | D:4      | Bought a scorched buckler for 209 gold pieces
  6620 | D:4      | Identified the +0 buckler of Disaster {+Blink rN+} (You
                  | bought it in a shop on level 4 of the Dungeon)
  7143 | D:5      | Entered Level 5 of the Dungeon
  7148 | D:5      | Found Revoc's Distillery.
  7259 | D:4      | Slain by a scorpion

Illustrated notes

Levels and vault maps discovered:
D:1:      dpeg_arrival_pits, layout_rooms, serial_bayou, serial_bayou_shore_a,
          serial_bayou_lake_a, serial_bayou_ford_a, serial_bayou_shore_b,
          chequers_avenue, minmay_misc_feat_hallway
D:2:      layout_rooms
D:3:      cheibrodos_old_hovel, layout_basic, nzn_wu_jian_council_hall,
          shapermc_ecumenical_altar_mp_ritualfount
D:4:      layout_basic, gammafunk_temple_overflow_claw,
          cheibrodos_sewer_entry_bend, serial_shops, shop, uniq_ijyb
D:5:      layout_rooms, minmay_temple_entry_hall, serial_shops, shop,
          uniq_menkaure, uniq_pikel

Skill      XL: |  1  2  3  4  5  6  7 |
---------------+----------------------+-----
Transmutations | 2 3 |  3.0
Invocations    | 1 2 |  2.9
Fighting       | 1 2 |  2.6
Short Blades   | 1 2 |  2.6
Long Blades    | 1 2 |  2.6
Axes           | 1 2 |  2.6
Maces & Flails | 1 2 |  2.6
Polearms       | 1 2 |  2.6
Staves         | 1 2 |  2.6
Slings         | 1 2 |  2.6
Bows           | 1 2 |  2.6
Crossbows      | 1 2 |  2.6
Throwing       | 1 2 |  2.6
Armour         | 1 2 |  2.6
Dodging        | 1 2 |  2.6
Stealth        | 1 2 |  2.6
Unarmed Combat | 1 2 |  2.6
Spellcasting   | 3 |  3.9
Conjurations   | 1 2 |  2.1
Hexes          | 1 2 |  2.1
Necromancy     | 1 2 |  2.1
Translocations | 1 2 |  2.1
Fire Magic     | 1 2 |  2.1
Air Magic      | 1 2 |  2.1
Earth Magic    | 1 2 |  2.1
Poison Magic   | 1 2 |  2.1
Shields        | 3 |  3.7
Evocations     | 3 |  3.7
Summonings     | 4 |  4.4
Ice Magic      | |  7.4

Action                   |  1- 3 |  4- 6 |  7- 9 || total
-------------------------+-------+-------+-------++-------
Melee: Club              |    10 |       |       ||    10
       Bite              |     6 |    18 |     9 ||    33
       Short sword       |    84 |   243 |    88 ||   415
       Punch             |       |     1 |       ||     1
Throw: Stone             |       |    10 |       ||    10
 Cast: Freeze            |    22 |    55 |    17 ||    94
       Frozen Ramparts   |     1 |    11 |     6 ||    18
       Sandblast         |       |       |     1 ||     1
  Use: Potion            |       |     2 |       ||     2
 Stab: Sleeping          |     2 |     4 |     1 ||     7
Armor: Robe              |    29 |    54 |    11 ||    94
Dodge: Dodged            |    70 |   196 |    56 ||   322
Block: Buckler           |       |       |    14 ||    14

Table legend: (Time is in decaauts)
 A = Elapsed time spent in this place.
 B = Non-inter-level travel time spent in this place.
 C = Inter-level travel time spent in this place.
 D = Time resting spent in this place.
 E = Time spent auto-exploring this place.
 F = Levels seen in this place.
 G = Mean time per level.
                   A        B        C        D        E       F      G
               +--------+--------+--------+--------+--------+-----+--------+
         Total |   7527 |   7280 |    247 |   1220 |   4845 |   6 | 1254.5 |
       Dungeon |   5915 |   5668 |    247 |    563 |   4231 |   5 | 1183.0 |
         Sewer |   1611 |   1611 |      0 |    657 |    614 |   1 | 1611.0 |
               +--------+--------+--------+--------+--------+-----+--------+

Top non-repeatable levels by time:
     D:4: 1675 daAuts
     D:3: 1616 daAuts
   Sewer: 1611 daAuts
     D:1: 1496 daAuts
     D:2: 997 daAuts
     D:5: 129 daAuts
